 Dungeon Crawl Stone Soup version 0.29-a0-982-gaed3a0c8d8 (webtiles) character file.

Game seed: 15481984598939141799

830 flotson the Trooper (level 7, -11/55 HPs)
             Began as a Demonspawn Delver on Aug 2, 2022.
             Was an Initiate of Gozag.
             Killed by divine providence
             ... invoked by an orc priest
              (14 damage)
             ... on level 5 of the Dungeon.
             The game lasted 00:13:19 (7953 turns).

flotson the Trooper (Demonspawn Delver)             Turns: 7953, Time: 00:13:20

Health: -11/55     AC:  6    Str: 14    XL:     7   Next: 65%
Magic:  7/7        EV: 12    Int: 12    God:    Gozag
Gold:   227        SH:  0    Dex: 14    Spells: 6/6 levels left

rFire   . . .      SeeInvis .   a - +0 trident (venom)
rCold   . . .      Faith    .   (no shield)
rNeg    . . .      Spirit   .   y - +0 scale mail
rPois   .          Reflect  .   (helmet restricted)
rElec   .          Harm     .   (no cloak)
rCorr   .          Rampage  .   (no gloves)
Will    .....                   (no boots)
Stlth   ++........              (no amulet)
HPRegen 0.18/turn               (no ring)
MPRegen 0.10/turn               (no ring)

@: flying
A: antennae 1, demonic guardian 1, sturdy frame 2, demonic magic 1
a: Renounce Religion, Potion Petition, Call Merchant, Bribe Branch


You were on level 5 of the Dungeon.
You worshipped Gozag.
Gozag was aware of your devotion.
You visited 1 branch of the dungeon, and saw 6 of its levels.

You collected 303 gold pieces.
You paid 76 gold pieces to Gozag.

Inventory:

Hand Weapons
 a - a +0 trident of venom (weapon)
 b - a +0 arbalest
Missiles
 f - 5 poisoned darts
 j - a boomerang (quivered)
 m - 4 curare-tipped darts
Armour
 y - a +0 scale mail (worn)
Wands
 g - a wand of digging (1)
Scrolls
 d - a scroll of magic mapping
 e - a scroll of poison {unknown}
 h - 4 scrolls of identify {unknown}
 i - a scroll of blinking {unknown}
 k - a scroll of butterflies {unknown}
 n - a scroll of amnesia {unknown}
 s - a scroll of immolation
 t - a scroll of vulnerability {unknown}
 v - a scroll of noise {unknown}
 w - a scroll of enchant armour {unknown}
Potions
 l - a potion of brilliance {unknown}
 o - a potion of magic {unknown}
 p - a potion of ambrosia {unknown}
 q - a potion of mutation {unknown}
 r - a potion of attraction {unknown}
 x - 2 potions of flight


   Skills:
 + Level 4.8 Fighting
 + Level 2.3 Polearms
 + Level 2.0 Ranged Weapons
 - Level 2.1 Throwing
 + Level 3.2 Armour
 + Level 3.7 Dodging
 - Level 4.5 Stealth
 + Level 3.5 Evocations


You had 6 spell levels left.
You didn't know any spells.
Your spell library contained the following spells:

 Spells                   Type           Power      Damage    Failure   Level
 Sting                    Tmut/Pois      0%         1d3       47%         1
 Summon Small Mammal      Summ           0%         N/A       47%         1
 Poisonous Vapours        Pois/Air       0%         N/A       63%         2
 Call Canine Familiar     Summ           0%         N/A       85%         3
 Dazzling Flash           Conj/Hex       0%         N/A       85%         3
 Gell's Gravitas          Tloc           0%         N/A       85%         3
 Ignite Poison            Fire/Tmut/Pois 0%         N/A       85%         3
 Lesser Beckoning         Tloc           0%         N/A       85%         3
 Mephitic Cloud           Conj/Pois/Air  0%         N/A       85%         3
 Summon Guardian Golem    Hex/Summ       0%         N/A       85%         3
 Teleport Other           Tloc           0%         N/A       85%         3
 Iskenderun's Mystic Bla  Conj/Tloc      0%         2d3       99%         4
 Olgreb's Toxic Radiance  Pois           0%         N/A       99%         4
 Freezing Cloud           Conj/Ice/Air   0%         6-21      100%        5
 Starburst                Conj/Fire      0%         6d3       100%        6


Dungeon Overview and Level Annotations

Branches:
Dungeon (6/15)
 Temple: D:4-7

Altars:
Gozag
Nemelex Xobeh
Xom


Innate Abilities, Weirdness & Mutations

You have a pair of small antennae on your head.
A weak demonic guardian rushes to your aid.
Your movements are less encumbered by armour. (ER -4)
Spells you cast may paralyse adjacent enemies.


Message History

You feel very buoyant.
You fly up into the air.
Your iron imp barely misses the orc priest.
The orc priest closely misses your iron imp. x2
Your iron imp barely misses the orc priest.
The orc priest hits your iron imp with a +0 short sword.
The orc priest closely misses your iron imp.
The orc priest hits your iron imp with a +0 short sword.
The orc priest barely misses your iron imp.
Your iron imp hits the orc priest.
As you read the scroll of fog, it crumbles to dust.
The scroll dissolves into smoke.
You kill the orc priest!
The orc priest hits your iron imp with a +0 short sword.
Your Ranged Weapons skill increases to level 2!
Found 2 gold pieces.
The orc priest casts a cantrip, but nothing happens.
A jelly comes into view.
Okay, then.
A phantom comes into view.
Unknown command.
As you read the scroll labelled BANKIE ROANO, it crumbles to dust.
The creatures around you are filled with an inner flame!
It was a scroll of immolation.
Aiming: Dig
Press: ? - help, Shift-Dir - straight line A rock wall.
The rock shatters into small pieces.
The phantom hits you.
* * * LOW HITPOINT WARNING * * *
A demonic guardian appears!
The phantom blinks!
You blink.
The orc priest hits you with a +0 short sword.
* * * LOW HITPOINT WARNING * * *
The phantom hits you but does no damage.
The orc priest attacks as you move away!
The orc priest barely misses you. The phantom attacks as you move away!
The phantom closely misses you.
The orc priest invokes the aid of Beogh against you.
Beogh smites you!
You die...
Your body crumbles into a pile of gold.

#.#...........#
.#.##...........#.#
..........##.#......
#.####.........####
#.####...#.###.#
.J........#$# #.#
.#.##.....#.# #.#
...........# #.#
####.......# #@#
#.##....###.#
...........oW###########
.................ยงยง5....#
###.###..################
## #.## #. #. #.


You could see a phantom (inner flame) and an orc priest (inner flame).

Vanquished Creatures
  An ogre (D:2)
  A centaur (D:4)
  A scorpion (D:4)
  4 hounds
  3 orc priests
  3 orc wizards
  5 gnolls (D:3)
  2 adders
  4 worms
  5 dart slugs
  11 orcs
  5 ball pythons
  6 bats
  8 endoplasms
  2 giant cockroaches
  13 goblins
  5 hobgoblins
  6 kobolds
  9 quokkas
  2 frilled lizards (D:3)
  8 rats
104 creatures vanquished.

Vanquished Creatures (collateral kills)
  A kobold brigand (D:4)
  An orc wizard (D:3)
  2 gnolls (D:3)
  2 adders (D:2)
  A goblin (D:4)
7 creatures vanquished.

Grand Total: 111 creatures vanquished

Notes
Turn   | Place    | Note
-------+----------+-------------------------------------------
     0 | D:5      | flotson the Demonspawn Delver began the quest for the Orb.
     0 | D:5      | Reached XP level 1. HP: 18/18 MP: 1/1
    42 | D:6      | Noticed an ice beast
   396 | D:4      | Gained mutation: A weak demonic guardian rushes to your
                  | aid. [demonic ancestry]
   396 | D:4      | Reached XP level 2. HP: 24/24 MP: 2/2
   397 | D:4      | Noticed a kobold brigand
   602 | D:3      | Found an opulent altar of Gozag.
  1142 | D:3      | Reached skill level 1 in Evocations
  1147 | D:3      | Reached skill level 1 in Armour
  1147 | D:3      | Gained mutation: Your movements are slightly less
                  | encumbered by armour. (ER -2) [demonic ancestry]
  1147 | D:3      | Reached XP level 3. HP: 11/29 MP: 3/3
  1387 | D:3      | Reached skill level 1 in Throwing
  1640 | D:3      | Reached XP level 4. HP: 35/35 MP: 4/4
  3331 | D:2      | Noticed an ogre
  3348 | D:2      | Killed an ogre
  3349 | D:2      | Gained mutation: You have a pair of small antennae on your
                  | head. [demonic ancestry]
  3349 | D:2      | Reached XP level 5. HP: 42/42 MP: 5/5
  3949 | D:2      | Identified the +6 whip of Ambiguity {spect, rN+ Int+3}
  4242 | D:3      | Gained mutation: Spells you cast may paralyse adjacent
                  | enemies. [demonic ancestry]
  4242 | D:3      | Reached XP level 6. HP: 48/48 MP: 6/6
  5297 | D:3      | Became a worshipper of Gozag Ym Sagoz the Greedy
  6963 | D:4      | Reached skill level 1 in Ranged Weapons
  6985 | D:4      | Gained mutation: Your movements are less encumbered by
                  | armour. (ER -4) [demonic ancestry]
  6985 | D:4      | Reached XP level 7. HP: 32/55 MP: 7/7
  7119 | D:4      | Found a sparkling altar of Nemelex Xobeh.
  7725 | D:4      | Found a shimmering altar of Xom.
  7951 | D:5      | HP: 2/55 [orc priest/+0 short sword (1)]
  7953 | D:5      | Killed from afar by an orc priest

Illustrated notes

Levels and vault maps discovered:
D:1:      saegor_arrival_simple_a, layout_loops_ring, kennysheep_another_room
D:2:      layout_loops_ring
D:3:      minmay_general_purpose_star, layout_basic,
          nicolae_gozag_cash_rules_everything_around_me, nicolae_eternal_life,
          minmay_increasing_density
D:4:      layout_gridville, mainiacjoe_overflow_alcove_4,
          mainiacjoe_overflow_paths
D:5:      layout_basic, nicolae_ru_awakened_eye, minmay_temple_entry_junction,
          uniq_grinder, uniq_blork_the_orc
D:6:      kennysheep_six_static_rooms, layout_cave_pools

Skill      XL: |  1  2  3  4  5  6  7 |
---------------+----------------------+-----
Dodging        | 2 3 |  3.7
Evocations     | 1 2 3 |  3.5
Armour         | 1 2 3 |  3.2
Throwing       | 1 2 |  2.1
Fighting       | 4 |  4.8
Ranged Weapons | 1 2 |  2.0
Polearms       | 2 |  2.3
Stealth        | |  4.5

Action                   |  1- 3 |  4- 6 |  7- 9 || total
-------------------------+-------+-------+-------++-------
Melee: Spear             |    53 |       |       ||    53
       Mace              |    13 |       |       ||    13
       Whip              |    13 |   213 |       ||   226
       Punch             |       |     3 |       ||     3
       Dagger            |       |     8 |       ||     8
       Trident           |       |     7 |    39 ||    46
 Fire: Arbalest          |       |    29 |     7 ||    36
Throw: Dart              |     3 |     3 |       ||     6
       Boomerang         |    20 |     5 |       ||    25
Evoke: Wand              |     1 |       |     1 ||     2
  Use: Scroll            |     1 |       |     2 ||     3
       Potion            |       |     5 |     1 ||     6
 Stab: Sleeping          |     2 |    15 |     1 ||    18
       Distracted        |     2 |       |     1 ||     3
Armor: Leather armour    |    10 |    47 |       ||    57
       Scale mail        |       |    26 |    17 ||    43
Dodge: Dodged            |    41 |   143 |    21 ||   205

Table legend: (Time is in decaauts)
 A = Elapsed time spent in this place.
 B = Non-inter-level travel time spent in this place.
 C = Inter-level travel time spent in this place.
 D = Time resting spent in this place.
 E = Time spent auto-exploring this place.
 F = Levels seen in this place.
 G = Mean time per level.
                   A        B        C        D        E       F      G
               +--------+--------+--------+--------+--------+-----+--------+
         Total |   7996 |   7794 |    202 |   1289 |   5234 |   6 | 1332.7 |
       Dungeon |   7996 |   7794 |    202 |   1289 |   5234 |   6 | 1332.7 |
               +--------+--------+--------+--------+--------+-----+--------+

Top non-repeatable levels by time:
     D:3: 3920 daAuts
     D:2: 1452 daAuts
     D:4: 1376 daAuts
     D:1: 1054 daAuts
     D:5: 190 daAuts
     D:6: 1 daAuts
